 Dungeon Sprint DCSS version 0.20-a0-1124-g2e29d97 (webtiles) character file.

12075 potatolord6000 the Warrior (level 11, -3/103 HPs)
             Began as a Demonspawn Gladiator on May 16, 2017.
             Was an Initiate of Gozag.
             Killed by divine providence
             ... invoked by an orc high priest
              (10 damage)
             ... in the Dungeon (Sprint IX: "|||||||||||||||||||||||||||||").
             The game lasted 00:09:34 (1923 turns).

potatolord6000 the Warrior (Demonspawn Gladiator)   Turns: 1923, Time: 00:09:34

Health: -3/103     AC: 17    Str: 21    XL:     11   Next: 57%
Magic:  11/11      EV: 20    Int:  9    God:    Gozag
Gold:   2333       SH:  0    Dex: 20    Spells: 10/10 levels left

rFire    . . .     SeeInvis .   n - +6 lajatang
rCold    + . .     Gourm    .   (shield currently unavailable)
rNeg     . . .     Faith    .   o - +1 chain mail
rPois    .         Spirit   .   (helmet restricted)
rElec    .         Reflect  .   a - +0 cloak
rCorr    .         Harm     .   g - +0 pair of gloves {Str+3}
MR       .....     NoTele   +   t - +1 pair of boots {Fly}
Stlth    ..........             (no amulet)
Regen    0.3/turn               b - +3 ring of dexterity
MPRegen  0.2/turn               m - +2 ring of evasion

@: lethally poisoned (-3 -> -4), gold aura, flying
A: hooves 2, horns 2, agile 1, cold resistance 1, spiny 2, evolution 1
a: Potion Petition, Call Merchant, Bribe Branch, Renounce Religion, Stop Flying


You were in the Dungeon.
You worshipped Gozag.
Gozag was most pleased with you.
You were not hungry.

You visited 1 branch You collected 6229 gold pieces.
You spent 403 gold pieces at shops.
You paid 3493 gold pieces to Gozag.

Inventory:

Hand Weapons
 n - a +6 lajatang (weapon)
Armour
 a - a +0 cloak (worn)
 g - a +0 pair of gloves of strength (worn)
 o - a +1 chain mail (worn)
 t - a +1 pair of boots of flying (worn)
Jewellery
 b - a +3 ring of dexterity (left hand)
 m - a +2 ring of evasion (right hand)
Scrolls
 c - a scroll of identify
 h - 3 scrolls of remove curse
 k - 4 scrolls of blinking
 l - 2 scrolls of amnesia
Potions
 d - a potion of invisibility
 e - 2 potions of curing
 i - 4 potions of magic
 j - a potion of berserk rage
Comestibles
 p - 40 fruits
 q - 12 bread rations
 r - 12 meat rations


   Skills:
 + Level 15.4 Fighting
 + Level 14.3 Staves
 - Level 1.7 Throwing
 + Level 9.9 Armour
 + Level 14.3 Dodging


You had 10 spell levels left.
You didn't know any spells.

Dungeon Overview and Level Annotations

Branches:
Dungeon (1/1)

Altars:
Cheibriados
Dithmenos
Elyvilon
Fedhas
Gozag
Hepliaklqana
Kikubaaqudgha
Makhleb
Nemelex Xobeh
Okawaru
Qazlal
Ru
Sif Muna
Trog
Uskayaw
Vehumet
Wu Jian
Xom
Yredelemnul
Zin
The Shining One
Beogh
Jiyva
Lugonu

Shops:
D (}!:%[[(


Innate Abilities, Weirdness & Mutations

You have hoof-like feet.
You have a pair of horns on your head.
You are mostly covered in sharp spines.
You are agile. (Dex +2)
Your flesh is cold resistant. (rC+)
You evolve.


Message History

The orc priest invokes the aid of Beogh against you.
Beogh smites you!
* * * LOW HITPOINT WARNING * * *
You closely miss the orc high priest. You headbutt the orc high priest!
The orc high priest is lightly wounded.
Your chain mail prevents you from hitting the orc high priest.
You headbutt the orc high priest!
The orc high priest is moderately wounded.
You feel sick.
The orc high priest mumbles some strange prayers to Beogh.
You cut the orc high priest into ribbons!!!
You headbutt the orc high priest.
You kill the orc high priest!
The neqoxec disappears in a puff of smoke!
The orc high priest mumbles some strange prayers to Beogh.
You feel sick.
The orc high priest invokes the aid of Beogh against you.
Beogh smites you!
You die...
Your body crumbles into a pile of gold.

..'..∩.()'......)../[.)|..'______
.▓▓▓▓▓▓▓▓▓▓▓▓▓▓▓▓▓▓▓▓▓▓▓▓▓▓▓▓▓▓▓▓
.................................
▓▓▓▓▓▓▓▓▓▓▓▓▓▓▓▓▓▓▓▓▓▓▓▓▓▓▓▓▓▓▓▓▓
....'..[[[...'..(.........'......
.▓▓▓▓▓▓▓▓▓▓▓▓▓▓▓▓▓▓▓▓▓▓▓▓▓▓▓▓▓▓▓▓
.................................
▓▓▓▓▓▓▓▓▓▓▓▓▓▓▓▓▓▓▓▓▓▓▓▓▓▓▓▓▓▓▓▓▓
+34o4$o@∩$∩$∩.))))[.....
▓▓▓▓▓▓▓▓▓▓▓▓▓▓▓▓▓▓▓▓▓▓▓▓


You could see a soul eater, an orc high priest, an orange demon, an ice devil
and an orc priest.

Vanquished Creatures
  A two-headed ogre (D)
  7 orc high priests (D)
  An unseen horror (D)
  An orc knight (D)
  An ugly thing (D)
  A black mamba (D)
  3 komodo dragons (D)
  3 spiny frogs (D)
  A dream sheep (D)
  2 yaks (D)
  A wyvern (D)
  2 water moccasins (D)
  A warg (D)
  3 hell hounds (D)
  A porcupine (D)
  An eye of draining (D)
  12 orc warriors (D)
  An ice beast (D)
  A phantom (D)
  5 wolves (D)
  A centaur (D)
  A crocodile (D)
  3 bullfrogs (D)
  A scorpion (D)
  A howler monkey (D)
  A hound (D)
  7 orc priests (D)
  2 iguanas (D)
  4 orc wizards (D)
  An adder skeleton (D)
  2 dart slugs (D)
  7 orcs (D)
  A goblin (D)
  A jackal (D)
  A frilled lizard (D)
  A rat (D)
84 creatures vanquished.

Notes
Turn   | Place    | Note
-------+----------+-------------------------------------------
     0 | D        | potatolord6000 the Demonspawn Gladiator began the quest for the Orb.
     0 | D        | Reached XP level 1. HP: 16/16 MP: 1/1
    12 | D        | Reached skill level 3 in Fighting
    15 | D        | Gained mutation: You are partially covered in sharp spines. [demonic ancestry]
    15 | D        | Reached XP level 2. HP: 23/24 MP: 2/2
   112 | D        | Noticed a phantom
   117 | D        | Reached skill level 4 in Fighting
   117 | D        | Reached XP level 3. HP: 29/30 MP: 3/3
   153 | D        | Killed a phantom
   153 | D        | Reached skill level 6 in Fighting
   153 | D        | Reached skill level 5 in Staves
   153 | D        | Reached skill level 5 in Dodging
   153 | D        | Gained mutation: You have large cloven feet. [demonic ancestry]
   153 | D        | Reached XP level 4. HP: 13/40 MP: 4/4
   163 | D        | Found a roughly hewn altar of Beogh.
   163 | D        | Found a snail-covered altar of Cheibriados.
   163 | D        | Found a shadowy altar of Dithmenos.
   163 | D        | Found a white marble altar of Elyvilon.
   163 | D        | Found a blossoming altar of Fedhas.
   163 | D        | Found an opulent altar of Gozag.
   164 | D        | Found a hazy altar of Hepliaklqana.
   165 | D        | Found a viscous altar of Jiyva.
   166 | D        | Found an ancient bone altar of Kikubaaqudgha.
   167 | D        | Found a corrupted altar of Lugonu.
   168 | D        | Found a burning altar of Makhleb.
   169 | D        | Found a sparkling altar of Nemelex Xobeh.
   170 | D        | Found an iron altar of Okawaru.
   171 | D        | Became a worshipper of Gozag Ym Sagoz the Greedy
   172 | D        | Found a stormy altar of Qazlal.
   173 | D        | Found a sacrificial altar of Ru.
   174 | D        | Found a deep blue altar of Sif Muna.
   175 | D        | Found a bloodstained altar of Trog.
   176 | D        | Found a hide-covered altar of Uskayaw.
   177 | D        | Found a radiant altar of Vehumet.
   178 | D        | Found an ornate altar of the Wu Jian Council.
   179 | D        | Found a shimmering altar of Xom.
   180 | D        | Found a basalt altar of Yredelemnul.
   181 | D        | Found a glowing silver altar of Zin.
   182 | D        | Found a glowing golden altar of the Shining One.
   366 | D        | Noticed an ice beast
   366 | D        | Noticed an eye of draining
   379 | D        | Killed an eye of draining
   379 | D        | Reached skill level 7 in Fighting
   379 | D        | Gained mutation: You have a pair of small horns on your head. [demonic ancestry]
   379 | D        | Reached XP level 5. HP: 46/48 MP: 0/5
   382 | D        | Killed an ice beast
   382 | D        | Reached XP level 6. HP: 55/56 MP: 0/6
   385 | D        | Reached skill level 8 in Fighting
   389 | D        | Killed an unseen horror
   389 | D        | Reached skill level 10 in Fighting
   389 | D        | Gained mutation: You are mostly covered in sharp spines. [demonic ancestry]
   389 | D        | Reached XP level 7. HP: 60/66 MP: 1/7
   415 | D        | Noticed a green ugly thing
   415 | D        | Noticed a two-headed ogre
   432 | D        | Killed a two-headed ogre
   432 | D        | Reached skill level 11 in Fighting
   432 | D        | Reached skill level 10 in Staves
   432 | D        | Reached skill level 10 in Dodging
   432 | D        | Gained mutation: You have a pair of horns on your head. [demonic ancestry]
   432 | D        | Reached XP level 8. HP: 35/75 MP: 5/8
   442 | D        | Killed a green ugly thing
   442 | D        | Reached XP level 9. HP: 31/82 MP: 6/9
   748 | D        | Gained mutation: You are agile. (Dex +2) [potion of mutation]
   748 | D        | Gained mutation: You have hoof-like feet. [potion of mutation]
   748 | D        | Gained mutation: Your flesh is cold resistant. (rC+) [potion of mutation]
   748 | D        | Gained mutation: You evolve. [potion of mutation]
   768 | D        | Noticed a komodo dragon
   768 | D        | Noticed a spiny frog
   771 | D        | Noticed a komodo dragon
   772 | D        | Reached skill level 12 in Fighting
   772 | D        | Reached skill level 1 in Armour
   775 | D        | Killed a spiny frog
   782 | D        | Noticed a spiny frog
   792 | D        | Killed a komodo dragon
   795 | D        | Killed a komodo dragon
   799 | D        | Killed a spiny frog
   811 | D        | Bought a +0 pair of gloves of strength for 172 gold pieces
   994 | D        | Noticed a black mamba
   996 | D        | Reached skill level 13 in Fighting
   996 | D        | Reached skill level 5 in Armour
   996 | D        | Reached XP level 10. HP: 92/92 MP: 10/10
   999 | D        | Noticed a spiny frog
  1006 | D        | Killed a black mamba
  1019 | D        | Killed a spiny frog
  1356 | D        | Reached skill level 14 in Fighting
  1481 | D        | Bought a +1 pair of boots of flying for 231 gold pieces
  1495 | D        | Noticed an orc knight
  1513 | D        | Killed an orc knight
  1534 | D        | Mutation became permanent: You have large cloven feet. [demonic ancestry]
  1534 | D        | Gained mutation: You have hoof-like feet. [demonic ancestry]
  1534 | D        | Reached XP level 11. HP: 95/101 MP: 11/11
  1591 | D        | Found Koaqy's Food Boutique.
  1591 | D        | Noticed an orc high priest
  1591 | D        | Noticed an orc high priest
  1591 | D        | Noticed an orc high priest
  1595 | D        | Killed an orc high priest
  1600 | D        | Found Puffau Fyro's Book Shop.
  1603 | D        | Noticed an orc high priest
  1606 | D        | Killed an orc high priest
  1611 | D        | Killed an orc high priest
  1621 | D        | Found Iniste Umill's Distillery.
  1623 | D        | Noticed a sixfirhy
  1625 | D        | HP: 1/101 [orc high priest/divine providence (14)]
  1628 | D        | Killed an orc high priest
  1628 | D        | Reached skill level 15 in Fighting
  1894 | D        | Found Quag's Gadget Shop.
  1896 | D        | Noticed an orc high priest
  1897 | D        | Noticed an orc high priest
  1897 | D        | Noticed an orc high priest
  1899 | D        | Noticed an orc high priest
  1904 | D        | Killed an orc high priest
  1919 | D        | Killed an orc high priest
  1922 | D        | Killed an orc high priest
  1923 | D        | Noticed a soul eater
  1923 | D        | Killed from afar by an orc high priest

Vault maps used:
D:        linesprint

Skill      XL: |  1  2  3  4  5  6  7  8  9 10 11 |
---------------+----------------------------------+-----
Staves         | 3 4 5 6 7 9 10 11 12 13 14 | 14.3
Dodging        | 3 4 5 6 7 9 10 11 12 13 14 | 14.3
Fighting       | 3 4 6 7 10 11 13 14 15 | 15.4
Armour         | 5 8 9 |  9.9
Throwing       | |  1.7

Action                   |  1- 3 |  4- 6 |  7- 9 | 10-12 || total
-------------------------+-------+-------+-------+-------++-------
Melee: Quarterstaff      |    43 |       |       |       ||    43
       Lajatang          |       |    21 |    60 |   158 ||   239
       Kick              |       |    10 |    22 |    15 ||    47
       Headbutt          |       |     2 |    16 |    41 ||    59
Invok: Call Merchant     |       |       |     2 |     2 ||     4
  Use: Potion            |     1 |       |     7 |     3 ||    11
       Scroll            |       |       |     6 |       ||     6
 Stab: Distracted        |       |     1 |       |     3 ||     4
  Eat: Bread ration      |       |     1 |       |       ||     1
Armor: Leather armour    |     8 |       |       |       ||     8
       Chain mail        |       |     3 |     6 |    28 ||    37
Dodge: Dodged            |    14 |     4 |    34 |    61 ||   113
